 Dungeon Crawl Stone Soup version 0.29-a0-515-g7c1fb6cc08 (webtiles) character file.

Game seed: 9078020633556430871

932 Morbidden the Conjurer (level 7, 0/51 HPs)
             Began as a Demonspawn Conjurer on May 30, 2022.
             Was a Believer of Fedhas.
             Slain by an ogre
             ... wielding a +0 giant club
              (13 damage)
             ... on level 5 of the Dungeon.
             The game lasted 00:06:08 (4202 turns).

Morbidden the Conjurer (Demonspawn Conjurer)        Turns: 4202, Time: 00:06:09

Health: 0/51       AC:  5    Str:  7    XL:     7   Next: 86%
Magic:  1/12       EV: 12    Int: 22    God:    Fedhas [**....]
Gold:   32         SH:  0    Dex: 11    Spells: 4/12 levels left

rFire   . . .      SeeInvis .   a - +1 dagger
rCold   . . .      Faith    .   (no shield)
rNeg    . . .      Spirit   .   i - +0 robe
rPois   .          Reflect  .   (no helmet)
rElec   .          Harm     .   h - +1 cloak
rCorr   .          Rampage  .   k - +0 pair of gloves
Will    .....                   (no boots)
Stlth   ++........              (no amulet)
HPRegen 0.17/turn               (no ring)
MPRegen 0.13/turn               (no ring)

@: no status effects
A: hooves 2, demonic magic 1, demonic touch 1
a: Renounce Religion, Wall of Briars


You were on level 5 of the Dungeon.
You worshipped Fedhas.
Fedhas was pleased with you.
You visited 1 branch of the dungeon, and saw 7 of its levels.

You collected 127 gold pieces.
You spent 95 gold pieces at shops.

Inventory:

Hand Weapons
 a - a +1 dagger (weapon)
Missiles
 j - 2 throwing nets
 p - 7 javelins
Armour
 h - a +1 cloak (worn)
 i - a +0 robe (worn)
 k - a +0 pair of gloves (worn)
Wands
 r - a wand of polymorph (13)
Scrolls
 d - a scroll of immolation
 g - 3 scrolls of identify
 l - 5 scrolls of noise
 q - 5 scrolls of enchant armour
 v - a scroll of teleportation
Potions
 b - a potion of magic
 c - 3 potions of attraction {unknown}
 f - 3 potions of mutation {unknown}
 m - a potion of heal wounds {unknown}
 n - 4 potions of curing {unknown}
 o - 3 potions of haste {unknown}
 w - 2 potions of lignification {unknown}


   Skills:
 * Level 2.6 Fighting
 + Level 1.6 Short Blades
 * Level 3.0 Dodging
 + Level 4.4 Stealth
 * Level 2.8 Unarmed Combat
 * Level 3.3 Spellcasting
 * Level 5.3 Conjurations
 * Level 1.0 Transmutations
 * Level 3.1 Invocations


You had 4 spell levels left.
You knew the following spells:

 Your Spells              Type           Power      Damage    Failure   Level
a - Magic Dart            Conj           100%       1d8       1%          1
b - Searing Ray           Conj           54%        2d6       1%          2
c - Blade Hands           Tmut           4%         N/A       91%         5

Your spell library contained the following spells:

 Spells                   Type           Power      Damage    Failure   Level
 Slow                     Hex            12%        N/A       12%         1
 Dazzling Flash           Conj/Hex       30%        N/A       12%         3
 Confusing Touch          Hex            3%         N/A       34%         3
 Tukima's Dance           Hex            3%         N/A       34%         3
 Vampiric Draining        Necr           3%         2d6       34%         3
 Fulminant Prism          Conj/Hex       7%         3d7       38%         4
 Iskenderun's Mystic Bla  Conj/Tloc      15%        2d5       38%         4
 Passage of Golubria      Tloc           3%         N/A       75%         4
 Irradiate                Conj/Tmut      8%         3d16      65%         5
 Yara's Violent Unravell  Hex/Tmut       2%         3d3       95%         5
 Dragon Form              Tmut           4%         N/A       100%        7


Dungeon Overview and Level Annotations

Branches:
Dungeon (7/15)             Temple (0/1) D:7

Altars:
Fedhas
Okawaru
Wu Jian

Shops:
D:3 ?


Innate Abilities, Weirdness & Mutations

You have hoof-like feet.
Spells you cast may paralyse adjacent enemies.
Your touch may inflict minor irresistible damage on your foes.


Message History

Aim: an orc wizard, wielding a +0 dagger and wearing a +0 robe (severely wounded, 74% to hit)
Fedhas protects your plant from harm.
The searing ray hits the orc wizard!
You kill the orc wizard!
Fedhas appreciates your contribution to the ecosystem. (Press . to maintain the ray.) Malevolent energies surge around you.
You hear the hiss of a very distant avalanche of sand.
The ogre hits your briar patch with a +0 giant club!
Unknown command.
Unknown command.
Unknown command.
Casting: Searing Ray (safe; 1% risk of failure)
Confirm with . or Enter, or press ? or * to list all spells.
Restarting spell: Searing Ray (safe; 1% risk of failure)
Press: ? - help, Shift-Dir - straight line Fedhas protects your plant from harm.
The searing ray hits the ogre!
The ogre is moderately wounded. (Press . to maintain the ray.) Malevolent energies surge around you.
The ogre is struck by your briar patch's thorns.
The ogre hits your briar patch with a +0 giant club!
Your briar patch is destroyed!
Your briar patch disappears in a puff of smoke!
Unknown command.
Without enough magic to sustain it, your searing ray dissipates.
Unknown command.
Unknown command.
Okay, then.
Unknown command.
You walk carefully through the plants.
The orc wizard hits you but does no damage.
Unknown command.
As you read the scroll of summoning, it crumbles to dust.
Wisps of shadow whirl around you...
The orc shouts!
The ogre hits you with a +0 giant club!
You die...
Fedhas appreciates your contribution to the ecosystem.

#.# #.# +## #.# ..## #.# ...##
###.# ### ....## ##.#.# #..#
.....####....##########...####
.....'........oo@OJ..........+
.....####.o..#########.......#
....## ##.#.# #.......# ...##
###.# #O......# ..## #.#
#.......# +## ..# #.......#
### #.......# #........


You could see an ogre (ally target), an orc wizard (ally target), 2 orcs and a
friendly jelly (summoned).

Vanquished Creatures
  A komodo dragon (D:5)
  Grinder (D:3)
  Sigmund (D:3)
  A scorpion (D:5)
  A howler monkey (D:6)
  A jelly (D:5)
  Ijyb (D:3)
  An orc wizard (D:5)
  5 adders
  A shadow imp (D:7)
  A white imp (D:5)
  An ufetubus (D:3)
  4 dart slugs
  4 orcs
  6 ball pythons
  2 bats
  8 endoplasms
  9 giant cockroaches
  4 goblins
  6 hobgoblins
  2 jackals (D:2)
  4 quokkas
  5 frilled lizards
  4 kobolds
  6 rats
80 creatures vanquished.

Vanquished Creatures (collateral kills)
  An orc (D:5)
1 creature vanquished.

Grand Total: 81 creatures vanquished

Notes
Turn   | Place    | Note
-------+----------+-------------------------------------------
     0 | D:1      | Morbidden the Demonspawn Conjurer began the quest for the
                  | Orb.
     0 | D:1      | Reached XP level 1. HP: 13/13 MP: 3/3
   364 | D:1      | Gained mutation: Spells you cast may paralyse adjacent
                  | enemies. [demonic ancestry]
   364 | D:1      | Reached XP level 2. HP: 19/19 MP: 3/5
  1179 | D:2      | Reached XP level 3. HP: 22/25 MP: 4/6
  1182 | D:2      | Learned a level 2 spell: Searing Ray
  1278 | D:2      | Found an iron altar of Okawaru.
  1343 | D:2      | Found a faded altar of an unknown god.
  1349 | D:2      | Reached skill level 1 in Unarmed Combat
  1360 | D:2      | Prayed at the altar of an unknown god.
  1360 | D:2      | Became a worshipper of Fedhas Madash
  1360 | D:2      | Reached * piety under Fedhas
  1773 | D:2      | Reached skill level 1 in Fighting
  2078 | D:3      | Reached XP level 4. HP: 32/32 MP: 2/7
  2250 | D:3      | Found Naosof's Magic Scroll Shoppe.
  2715 | D:3      | Noticed Ijyb
  2735 | D:3      | Killed Ijyb
  2860 | D:3      | Noticed Sigmund
  2869 | D:3      | Killed Sigmund
  2869 | D:3      | Reached ** piety under Fedhas
  2870 | D:3      | Reached skill level 1 in Invocations
  2870 | D:3      | Discovered your monstrous ancestry.
  2870 | D:3      | Gained mutation: You have large cloven feet. [demonic
                  | ancestry]
  2870 | D:3      | Reached XP level 5. HP: 37/37 MP: 6/9
  2870 | D:3      | Gained mutation: Your touch may inflict minor irresistible
                  | damage on your foes. [demonic ancestry]
  2870 | D:3      | Reached XP level 6. HP: 43/43 MP: 6/10
  3340 | D:3      | Noticed Grinder
  3345 | D:3      | Killed Grinder
  3346 | D:3      | Reached skill level 1 in Short Blades
  3346 | D:3      | Reached skill level 5 in Conjurations
  3369 | D:3      | Identified the +0 ring mail of the Jabberwock {*Slow rF++
                  | Int+2}
  3411 | D:3      | Bought a scroll of summoning for 95 gold pieces
  3625 | D:4      | Gained mutation: You have hoof-like feet. [demonic
                  | ancestry]
  3625 | D:4      | Reached XP level 7. HP: 50/50 MP: 8/11
  3684 | D:4      | You fall into a shaft and drop 3 floors!
  3812 | D:7      | Found a staircase to the Ecumenical Temple.
  3851 | D:6      | Found an ornate altar of the Wu Jian Council.
  3945 | D:5      | Entered Level 5 of the Dungeon
  4098 | D:5      | Identified a scroll of acquirement
  4098 | D:5      | Acquired a book of Transfigurations
  4106 | D:5      | Learned a level 5 spell: Blade Hands
  4133 | D:5      | Noticed a komodo dragon
  4152 | D:5      | Killed a komodo dragon
  4153 | D:5      | Reached skill level 1 in Transmutations
  4202 | D:5      | Slain by an ogre

Illustrated notes

Levels and vault maps discovered:
D:1:      dpeg_arrival_stone_temple_mockup, layout_basic
D:2:      layout_rooms, basic_altar, basic_ecumenical_altar, minmay_pentomino_p2
D:3:      layout_basic, serial_shops, nicolae_shop_crystal, uniq_sigmund,
          uniq_grinder, uniq_ijyb
D:4:      layout_loops_ring, mainiacjoe_overflow_tiny_flanked, minmay_unequal
D:5:      minmay_diamond_boxcup, layout_loops_corners,
          mainiacjoe_overflow_catwalk, lightli_ossuary_entry_decrepit_ruins,
          serial_shops, shop
D:6:      layout_basic, lemuel_crystal_altar, minmay_misc_feat_more_columns,
          uniq_edmund
D:7:      layout_gridville, minmay_temple_entry_junction

Skill      XL: |  1  2  3  4  5  6  7 |
---------------+----------------------+-----
Stealth        | 2 3 4 |  4.4
Unarmed Combat | 1 2 |  2.8
Fighting       | 1 2 |  2.6
Dodging        | 2 3 |  3.0
Invocations    | 1 2 3 |  3.1
Short Blades   | 1 |  1.6
Spellcasting   | 3 |  3.3
Conjurations   | 5 |  5.3
Transmutations | 1 |  1.0

Action                   |  1- 3 |  4- 6 |  7- 9 || total
-------------------------+-------+-------+-------++-------
Melee: Unarmed           |    12 |       |       ||    12
       Dagger            |    35 |    38 |    23 ||    96
       Punch             |       |     1 |     1 ||     2
       Kick              |       |     9 |     6 ||    15
       Touch             |       |     1 |     4 ||     5
 Cast: Magic Dart        |    71 |    42 |    15 ||   128
       Searing Ray       |       |       |     2 ||     2
Invok: Wall of Briars    |       |       |     2 ||     2
  Use: Scroll            |       |       |    10 ||    10
 Stab: Paralysed         |    13 |    15 |     6 ||    34
       Sleeping          |     3 |     1 |     1 ||     5
Armor: Robe              |    11 |     4 |     5 ||    20
Dodge: Dodged            |    42 |    32 |    13 ||    87

Table legend: (Time is in decaauts)
 A = Elapsed time spent in this place.
 B = Non-inter-level travel time spent in this place.
 C = Inter-level travel time spent in this place.
 D = Time resting spent in this place.
 E = Time spent auto-exploring this place.
 F = Levels seen in this place.
 G = Mean time per level.
                   A        B        C        D        E       F      G
               +--------+--------+--------+--------+--------+-----+--------+
         Total |   4199 |   3916 |    283 |      0 |   3301 |   7 |  599.9 |
       Dungeon |   4199 |   3916 |    283 |      0 |   3301 |   7 |  599.9 |
               +--------+--------+--------+--------+--------+-----+--------+

Top non-repeatable levels by time:
     D:3: 1311 daAuts
     D:1: 1181 daAuts
     D:2: 969 daAuts
     D:5: 256 daAuts
     D:4: 219 daAuts
     D:7: 137 daAuts
     D:6: 122 daAuts
